 Dungeon Crawl Stone Soup version 0.19.1-1-g22dce08 (webtiles) character file.

3812 sveltemanboy the Destroyer (level 9, 0/69 HPs)
             Began as a Black Draconian Conjurer on Jan 10, 2017.
             Was an Initiate of Ashenzari.
             Slain by an orc
             ... wielding a +0 falchion
              (6 damage)
             ... on level 10 of the Dungeon.
             The game lasted 00:29:35 (10370 turns).

sveltemanboy the Destroyer (DrCj)                  Turns: 10370, Time: 00:29:36

Health: 0/69       AC: 11    Str: 10    XL:     9   Next: 97%
Magic:  8/12       EV: 12    Int: 18    God:    Ashenzari [......]
Gold:   449        SH:  5    Dex: 13    Spells: 4 memorised, 0 levels left

rFire  . . .     SeeInvis +     j - +1 spear (distort)
rCold  + . .     Gourm    .     (armour unavailable)
rNeg   . . .     Faith    .     c - +0 buckler
rPois  .         Spirit   .     (helmet restricted)
rElec  +         Reflect  .     E - +2 cloak of the Thief {+Fog Slay-2 SInv Stlth+} (curse)
rCorr  .         Harm     .     (no gloves)
MR     +....                    I - +0 pair of boots
Stlth  +++.......               (no amulet)
                                F - ring of protection from cold (curse)
                                q - ring of protection from magic (curse)

@: short of breath
A: breathe lightning, unfitting armour, electricity resistance, cold-blooded, AC
+7
a: Breathe Lightning, Curse Item, Renounce Religion, Evoke Fog


You were on level 10 of the Dungeon.
You worshipped Ashenzari.
Ashenzari was noncommittal.
You were hungry.

You visited 2 branches of the dungeon, and saw 11 of its levels.

You collected 541 gold pieces.
You spent 92 gold pieces at shops.

Inventory:

Hand Weapons
 j - a +1 spear of distortion (weapon)
 u - a +0 trident
Armour
 c - a +0 buckler (worn)
 E - the cursed +2 cloak of the Thief (worn) {+Fog Slay-2 SInv Stlth+}
   (You found it on level 6 of the Dungeon)

   It affects your accuracy and damage with ranged weapons and melee attacks
   (-2).
   It lets you see invisible.
   It can be evoked to emit clouds of fog.
   It makes you more stealthy.
   It has a curse placed upon it.
 I - a +0 pair of boots (worn)
Jewellery
 q - a cursed ring of protection from magic (left hand)
 F - a cursed ring of protection from cold (right hand)
Wands
 s - a wand of lightning (0/15)
 A - a wand of lightning (0/15)
 C - a wand of enslavement (7/24)
 H - a wand of confusion (16/48)
 N - a wand of teleportation (4/9)
 O - a wand of lightning (10/15)
Scrolls
 d - a scroll of magic mapping
 e - 10 scrolls of identify
 m - 2 scrolls of random uselessness
 o - a scroll of noise {unknown}
 t - a scroll of teleportation {unknown}
 v - 2 scrolls of enchant armour {unknown}
 w - 2 scrolls of recharging {unknown}
 x - a scroll of fog {unknown}
 y - a scroll of torment {unknown}
 D - 2 scrolls of amnesia {unknown}
 G - a scroll of silence {unknown}
 J - a scroll of brand weapon {unknown}
 K - a scroll of blinking {unknown}
Potions
 h - 3 potions of flight
 l - 4 potions of agility
 n - a potion of invisibility {unknown}
 p - a potion of curing
 r - 2 potions of brilliance
 B - a potion of resistance {unknown}
 L - a potion of might {unknown}
 M - a potion of haste
Books
 a - a book of Conjurations

   Spells                             Type                      Level
   a - Magic Dart                     Conjuration                  1
   b - Searing Ray                    Conjuration                  2
   c - Dazzling Spray                 Conjuration/Hexes            3
   d - Fulminant Prism                Conjuration/Hexes            4
   e - Iskenderun's Mystic Blast      Conjuration                  4
   f - Iskenderun's Battlesphere      Conjuration/Charms           5
Comestibles
 b - 4 bread rations
 f - 5 beef jerkies
 i - 4 meat rations
 k - 7 fruits
 z - 4 slices of pizza
 P - 4 chunks of flesh


   Skills:
 - Level 3.0 Fighting
 + Level 4.1 Polearms
 - Level 2.0 Dodging
 - Level 1.7 Stealth
 - Level 4.1 Shields
 - Level 2.0 Spellcasting
 + Level 12.5 Conjurations
 - Level 2.1 Charms


You couldn't memorise any spells.
You knew the following spells:

 Your Spells              Type           Power        Failure   Level  Hunger
a - Magic Dart            Conj           ####         1%          1    #......
b - Searing Ray           Conj           #####.       1%          2    ###....
c - Iskenderun's Mystic   Conj           #####...     1%          4    #####..
d - Iskenderun's Battles  Conj/Chrm      ####....     28%         5    ######.


Dungeon Overview and Level Annotations

Branches:
Dungeon (10/15)            Temple (1/1) D:7             Orc (0/2) D:9
   Lair: D:8-11

Altars:
Ashenzari
Cheibriados
Dithmenos
Elyvilon
Fedhas
Gozag
Hepliaklqana
Kikubaaqudgha
Makhleb
Nemelex Xobeh
Okawaru
Qazlal
Ru
Sif Muna
Trog
Uskayaw
Vehumet
Xom
Yredelemnul
Zin
The Shining One

Shops:
D:4 [*

Annotations:
D:5 exclusion: oklob plant
D:8 Atlantean's ghost, novice GrFi
Abyss:1 Grinder


Innate Abilities, Weirdness & Mutations

You can breathe wild blasts of lightning.
Your glossy black scales are hard. (AC +7)
You cannot fit into any form of body armour.
You are resistant to electric shocks. (rElec)
You are cold-blooded and may be slowed by cold attacks.


Message History

The shadow imp gestures at you.
You easily resist.
The orc warrior hits you from afar with a trident!!
* * * LOW HITPOINT WARNING * * *
The orc misses you. The orc hits you but does no damage.
You block the orc's attack. You block the bullfrog's attack.
You feel better.
The shadow imp hits you but does no damage.
You block the orc's attack.
The bullfrog swells and bulges.
The bullfrog barely misses you. The orc closely misses you.
The orc warrior hits you from afar with a trident!
* * * LOW HITPOINT WARNING * * *
The orc hits you but does no damage. x2
An orc wizard comes into view.
Ashenzari warns you: It is wielding a dagger and wearing a robe of resistance.
You block the orc's attack.
The bullfrog hits you but does no damage.
The orc hits you with a falchion.
You die...

******......##÷##.#..?..,,,*,,,,,
*,,,,....##.*#.##.....##**,*,,,,,
*,***###..#.##÷#....)..##*,*,,,,,
,,* #...........)....#*,***,,,
,** ###..#...........##.**,,,, **
#..##..............,,,,,
*********##..o.ooo..........,,,,,
*,,,,,,,,*#..#.5oF...........,,,,
*,,,,,,,,*#..##.@oo..........,,,,
*,,,,,,,,*#.**#..............,,,,
*****,,,,,..,*#.........#$..,,,,,
** **,,***,,#..........#.$,,,,,,
,* **,,**,............#*******,
,*******,,,,#...?.......# *,
,,,,,,,***,,##..#.....#.# *,
,,****,***,,*..=*##..#.,* *, <,*
*,,**,**,*,,,,,,,,*********,


You could see an orc warrior, a bullfrog, an orc wizard, a shadow imp and 5
orcs.

Vanquished Creatures
  A hippogriff (D:9)
  Sigmund (D:5)
  A water moccasin (D:10)
  3 orc warriors
  A black bear (D:10)
  An ice beast (D:9)
  3 ogres (D:9)
  2 phantoms (D:5)
  3 centaurs
  A big kobold (D:6)
  4 bullfrogs
  A scorpion (D:9)
  4 crimson imps
  A centaur zombie (D:7)
  7 orc wizards
  4 jellies
  3 orc priests
  A centaur skeleton (D:10)
  9 hounds
  2 iguanas
  8 worker ants
  A hound skeleton (D:4)
  7 gnolls
  A howler monkey zombie (D:5)
  7 adders
  4 shadow imps
  2 adder zombies
  An adder skeleton (D:3)
  4 worms
  3 dart slugs
  5 leopard geckos
  22 orcs
  3 ball pythons
  A giant cockroach (D:3)
  12 goblins
  6 hobgoblins
  6 jackals
  7 quokkas
  11 bats
  4 frilled lizards
  A jackal zombie (D:5)
  13 kobolds
  4 rats
186 creatures vanquished.

Vanquished Creatures (others)
  A hungry ghost (D:9)
  A necrophage (D:10)
  A bullfrog (D:10)
  An orc priest (D:5)
  An adder (D:3)
5 creatures vanquished.

Grand Total: 191 creatures vanquished

Notes
Turn   | Place    | Note
-------+----------+-------------------------------------------
     0 | D:1      | sveltemanboy the Draconian Conjurer began the quest for the Orb.
     0 | D:1      | Reached XP level 1. HP: 14/14 MP: 3/3
   259 | D:1      | Reached XP level 2. HP: 20/20 MP: 3/5
   285 | D:1      | Learned a level 2 spell: Searing Ray
   418 | D:1      | Reached skill level 1 in Shields
  1130 | D:2      | Reached XP level 3. HP: 26/26 MP: 3/6
  1808 | D:2      | Reached skill level 5 in Conjurations
  2032 | D:2      | Reached XP level 4. HP: 33/33 MP: 0/7
  2581 | D:3      | Learned a level 4 spell: Iskenderun's Mystic Blast
  2990 | D:3      | Reached skill level 6 in Conjurations
  2990 | D:3      | Reached XP level 5. HP: 27/38 MP: 0/8
  3149 | D:3      | Found an iron altar of Okawaru.
  3410 | D:4      | Found Cayhyum's Assorted Antiques.
  3418 | D:4      | Bought a scroll labeled GEYZUM ZUTHRO for 32 gold pieces
  3418 | D:4      | Bought a scroll labeled PENISOROET for 32 gold pieces
  3418 | D:4      | Bought a brown potion for 28 gold pieces
  3439 | D:4      | Found Tirih's Antique Armour Boutique.
  4178 | D:5      | Entered Level 5 of the Dungeon
  4300 | D:5      | Reached skill level 7 in Conjurations
  4300 | D:5      | Reached XP level 6. HP: 45/45 MP: 5/9
  4908 | D:5      | Reached skill level 8 in Conjurations
  5033 | D:5      | Noticed Grinder
  5043 | D:5      | Banished Grinder
  5043 | D:5      | Your scales start taking on a glossy black colour.
  5043 | D:5      | Reached XP level 7. HP: 40/50 MP: 2/10
  5043 | D:5      | Gained mutation: You are resistant to electric shocks. (rElec) [Black Draconian growth]
  5203 | D:5      | Found a blossoming altar of Fedhas.
  5242 | D:5      | Reached skill level 1 in Fighting
  5242 | D:5      | Reached skill level 9 in Conjurations
  5342 | D:5      | Noticed an oklob plant
  5430 | D:5      | Noticed Sigmund
  5446 | D:5      | Killed Sigmund
  5446 | D:5      | Reached XP level 8. HP: 54/62 MP: 0/11
  5593 | D:5      | Found a bloodstained altar of Trog.
  5868 | D:5      | Found a hazy altar of Hepliaklqana.
  6443 | D:6      | Reached skill level 10 in Conjurations
  7242 | D:7      | Found a sparkling altar of Nemelex Xobeh.
  7321 | D:7      | Found a shimmering altar of Xom.
  7899 | D:7      | Reached skill level 11 in Conjurations
  8164 | D:7      | Reached XP level 9. HP: 69/69 MP: 6/12
  8218 | D:7      | Found a staircase to the Ecumenical Temple.
  8227 | Temple   | Entered the Ecumenical Temple
  8290 | Temple   | Became a worshipper of Ashenzari the Shackled
  8749 | D:8      | Noticed Atlantean's ghost (novice GrFi)
  8948 | D:9      | Found a glowing golden altar of the Shining One.
  9025 | D:9      | Learned a level 5 spell: Iskenderun's Battlesphere
  9032 | D:9      | Found a hide-covered altar of Uskayaw.
  9078 | D:9      | Reached skill level 1 in Charms
  9132 | D:9      | Found a staircase to the Orcish Mines.
  9292 | D:9      | Reached skill level 12 in Conjurations
  9382 | D:9      | Reached skill level 1 in Polearms
  9790 | D:9      | Found a glowing silver altar of Zin.
 10137 | D:10     | Entered Level 10 of the Dungeon
 10370 | D:10     | Slain by an orc

Skill      XL: |  1  2  3  4  5  6  7  8  9 |
---------------+----------------------------+-----
Shields        | 1 2 4 |  4.1
Conjurations   | 5 6 7 8 9 11 12 | 12.5
Fighting       | 2 3 |  3.0
Dodging        | 2 |  2.0
Charms         | 2 |  2.1
Polearms       | 4 |  4.1
Stealth        | |  1.7
Spellcasting   | |  2.0

Action                   |  1- 3 |  4- 6 |  7- 9 || total
-------------------------+-------+-------+-------++-------
Melee: Unarmed           |    23 |       |       ||    23
       Tailslap          |     2 |     4 |    12 ||    18
       Spear             |       |    47 |   182 ||   229
 Cast: Magic Dart        |    65 |    89 |    95 ||   249
       Searing Ray       |     8 |    10 |    37 ||    55
       Iskenderun's Myst |       |       |    12 ||    12
Invok: Curse Item        |       |       |     3 ||     3
 Abil: Breathe Lightning |       |       |     3 ||     3
Evoke: Wand              |       |       |     8 ||     8
  Use: Scroll            |       |     5 |     3 ||     8
       Potion            |       |     4 |     4 ||     8
 Stab: Sleeping          |       |     2 |     1 ||     3
  Eat: Chunk             |     5 |    12 |    23 ||    40
       Fruit             |       |       |     2 ||     2
Armor: Skin              |    25 |    15 |    64 ||   104
Dodge: Dodged            |    45 |    28 |   107 ||   180
Block: Buckler           |       |       |    25 ||    25
